Map: Abyssal Reef LE

Players

Tesserakt - Winner!

  • Race: Zerg Zerg
  • League: Master
  • Spawn Location: 5:00

Railgan

  • Race: Protoss Protoss
  • League: Grandmaster
  • Spawn Location: 11:00

VOD

Have the link to the VOD?

Description

Time

  • Played on: March 18, 2017, 5:02 p.m.
  • Length: 15:30
Show
View Real Time Build Order
Export as new Build Order

Tesserakt Zerg - Winner!

Build Orders: Hatch First 

Get SALT Encoding   

  12  0:00  Drone  
  13  0:12  Overlord  
  13  0:17  Drone  
  14  0:31  Drone x2  
  16  0:36  Drone  
  17  0:52  Hatchery  
  17  0:55  Drone  
  17  1:01  Drone  
  18  1:08  Extractor  
  17  1:17  Spawning Pool  
  16  1:20  Drone x2  
  18  1:28  Drone  
  19  1:40  Overlord  
  19  1:51  Drone  
  20  2:04  Queen x2  
  20  2:05  Zergling x4  
  26  2:11  Metabolic Boost  
  26  2:15  Drone  
  27  2:17  Drone  
  28  2:34  Drone x3  
  31  2:43  Hatchery  
  30  2:47  Zergling x4  
  32  2:57  Drone  
  32  2:58  Evolution Chamber  
  32  3:07  Drone x3  
  32  3:10  Overlord  
  35  3:24  Drone  
  36  3:28  Queen  
  36  3:30  Drone x6  
  44  3:42  Overlord  
  44  3:45  Extractor  
  44  3:58  Spore Crawler  
  40  4:05  Drone x6, Queen  
  40  4:06  Drone  
  49  4:11  Extractor  
  49  4:15  Roach Warren  
  46  4:19  Drone x4  
  50  4:25  Spore Crawler  
  50  4:30  Spore Crawler  
  48  4:36  Drone x6  
  48  4:37  Lair, Overlord  
  54  4:40  Drone  
  54  4:41  Evolution Chamber  
  54  4:46  Zerg Melee Weapons Level 1  
  54  4:48  Drone x2  
  56  4:58  Drone x7  
  63  5:09  Drone x3  
  66  5:14  Overlord  
  66  5:15  Overlord  
  66  5:28  Overlord x2  
  66  5:30  Zerg Missile Weapons Level 1  
  66  5:33  Overlord  
  66  5:34  Hatchery  
  65  5:40  Zergling x6  
  68  5:47  Hatchery  
  67  6:02  Drone x9  
  67  6:03  Drone x4  
  80  6:05  Extractor  
  80  6:06  Extractor  
  78  6:31  Drone x3  
  79  6:33  Hydralisk Den  
  79  6:34  Extractor  
  77  6:40  Zerg Ground Armor Level 1  
  77  6:44  Drone x8, Overlord x3  
  84  6:50  Extractor  
  84  6:51  Drone x8  
  84  6:54  Extractor  
  90  6:56  Overlord x2  
  90  6:58  Extractor, Overlord  
  90  6:59  Overlord  
  89  7:02  Infestation Pit, Muscular Augments  
  88  7:18  Hydralisk  
  88  7:19  Hydralisk x8, Drone  
  107  7:24  Zerg Missile Weapons Level 2  
  107  7:27  Spore Crawler  
  106  7:32  Hydralisk x4  
  106  7:33  Hydralisk  
  106  7:36  Burrow  
  116  7:37  Hydralisk  
  116  7:41  Drone  
  116  7:42  Drone x5  
  112  8:00  Hydralisk x8  
  128  8:09  Pathogen Glands  
  128  8:11  Drone x5  
  133  8:17  Hydralisk x4  
  141  8:20  Overseer  
  141  8:22  Spore Crawler  
  141  8:23  Zergling x8  
  144  8:27  Hydralisk  
  144  8:28  Hydralisk  
  144  8:32  Zergling x4  
  150  8:37  Hydralisk  
  150  8:38  Hydralisk  
  136  8:49  Baneling Nest  
  136  8:50  Zergling x30  
  147  9:04  Zergling x10  
  147  9:09  Zergling x18  
  129  9:13  Zergling x4  
  115  9:21  Hydralisk x3  
  116  9:27  Hydralisk x8  
  130  9:47  Hatchery  
  130  9:48  Baneling x6, Centrifical Hooks  
  129  9:54  Overlord x5  
  129  9:57  Overlord  
  129  10:01  Hatchery  
  128  10:13  Baneling x11  
  128  10:20  Hydralisk x8  
  144  10:28  Hydralisk x4  
  144  10:34  Zerg Melee Weapons Level 2  
  152  10:36  Hydralisk  
  152  10:37  Hydralisk x2  
  152  10:42  Zergling x8  
  162  10:45  Drone x3  
  165  10:54  Overlord x2  
  165  11:03  Hydralisk x7  
  179  11:13  Baneling x15  
  176  11:26  Hydralisk x8  
  174  11:40  Zergling x20  
  174  11:41  Zergling x8  
  178  11:54  Zergling x26  
  175  12:03  Zergling x18  
  184  12:14  Zergling x20  
  187  12:21  Zergling x12  
  161  12:33  Zergling x18  
  146  12:37  Zergling x4  
  127  12:44  Zergling x12  
  131  12:53  Hydralisk  
  131  12:54  Hydralisk x7  
  147  13:05  Drone x5  
  151  13:19  Hydralisk x6  
  161  13:23  Hatchery  
  160  13:37  Infestor x7  
  160  13:40  Infestor  
  180  13:45  Neural Parasite  
  180  14:02  Infestor x8  
  196  14:09  Hydralisk  
  192  14:10  Hydralisk x3  
  192  14:13  Baneling x15  
  192  14:14  Baneling  
  192  14:15  Baneling  
  193  14:42  Hydralisk x4  
  193  14:52  Overseer  
  193  14:53  Overseer x2  
  168  15:26  Extractor  
  152  15:29  Extractor  
Show
View Real Time Build Order
Export as new Build Order

Railgan Protoss 

Build Orders: 1 Gate Expand, Oracle Opening 

Get SALT Encoding   

  12  0:03  Probe (Chrono Boost)  
  13  0:13  Probe (Chrono Boost)  
  14  0:22  Pylon  
  14  0:24  Probe (Chrono Boost)  
  15  0:40  Probe (Chrono Boost)  
  16  0:48  Gateway  
  16  0:51  Probe (Chrono Boost)  
  17  0:58  Assimilator  
  17  1:01  Probe (Chrono Boost)  
  18  1:12  Probe (Chrono Boost)  
  19  1:28  Probe (Chrono Boost)  
  19  1:30  Nexus  
  20  1:38  Cybernetics Core  
  20  1:41  Probe (Chrono Boost)  
  21  1:57  Probe (Chrono Boost), Assimilator  
  21  2:01  Pylon  
  22  2:05  Warp Gate  
  22  2:07  Probe (Chrono Boost)  
  23  2:19  Adept, Probe (Chrono Boost)  
  26  2:29  Probe (Chrono Boost)  
  27  2:33  Pylon  
  26  2:40  Probe (Chrono Boost)  
  26  2:44  Mothership Core (Chrono Boost)  
  29  2:45  Adept  
  29  2:47  Pylon  
  32  2:52  Probe (Chrono Boost)  
  32  3:03  Probe (Chrono Boost)  
  32  3:04  Probe (Chrono Boost)  
  34  3:07  Stargate  
  34  3:15  Probe (Chrono Boost)  
  34  3:16  Probe (Chrono Boost)  
  38  3:28  Probe x2 (Chrono Boost)  
  38  3:33  Gateway  
  38  3:40  Probe x2 (Chrono Boost)  
  40  3:42  Gateway  
  40  3:49  Oracle  
  40  3:52  Probe x2 (Chrono Boost)  
  46  4:04  Probe x2 (Chrono Boost)  
  46  4:09  Assimilator  
  47  4:11  Assimilator  
  47  4:16  Probe x2 (Chrono Boost)  
  47  4:20  Stalker  
  47  4:22  Pylon  
  49  4:25  Phoenix  
  49  4:28  Probe (Chrono Boost)  
  49  4:29  Probe (Chrono Boost)  
  53  4:40  Pylon, Probe (Chrono Boost)  
  53  4:42  Probe (Chrono Boost)  
  55  4:45  Stalker  
  55  4:48  Pylon  
  55  4:51  Pylon  
  55  4:52  Probe (Chrono Boost)  
  59  4:53  Phoenix  
  59  4:54  Probe (Chrono Boost)  
  61  5:03  Protoss Air Weapons Level 1  
  61  5:04  Probe (Chrono Boost)  
  61  5:06  Forge, Probe (Chrono Boost)  
  63  5:11  Pylon  
  63  5:12  Adept  
  63  5:13  Adept  
  67  5:16  Probe (Chrono Boost)  
  67  5:17  Twilight Council  
  67  5:20  Pylon  
  68  5:24  Probe (Chrono Boost)  
  70  5:29  Probe (Chrono Boost)  
  70  5:33  Nexus  
  71  5:37  Probe (Chrono Boost)  
  71  5:41  Probe (Chrono Boost)  
  72  5:44  Protoss Shields Level 1  
  73  5:50  Probe (Chrono Boost), Phoenix  
  76  5:57  Probe (Chrono Boost)  
  76  6:02  Probe (Chrono Boost)  
  77  6:04  Stargate  
  77  6:10  Probe (Chrono Boost)  
  78  6:11  Pylon  
  78  6:15  Probe (Chrono Boost), Phoenix  
  78  6:17  Pylon  
  79  6:20  Pylon  
  79  6:21  Adept x2  
  79  6:25  Adept, Probe (Chrono Boost)  
  88  6:27  Probe (Chrono Boost)  
  88  6:37  Probe (Chrono Boost)  
  88  6:39  Probe (Chrono Boost)  
  90  6:45  Phoenix, Resonating Glaives  
  90  6:49  Probe (Chrono Boost), Phoenix  
  90  6:50  Probe (Chrono Boost)  
  90  6:51  Probe (Chrono Boost)  
  90  6:54  Adept  
  99  7:01  Probe x2 (Chrono Boost)  
  101  7:03  Photon Cannon, Probe (Chrono Boost)  
  102  7:10  Gateway  
  102  7:13  Gateway  
  102  7:15  Gateway  
  104  7:19  Gateway  
  102  7:25  Adept x3  
  102  7:29  Phoenix, Assimilator  
  108  7:33  Assimilator  
  110  7:39  Pylon  
  110  7:44  Pylon  
  110  7:48  Phoenix  
  110  7:50  Pylon  
  110  7:51  Phoenix  
  114  8:00  Adept x3  
  122  8:07  Probe x2 (Chrono Boost)  
  122  8:08  Adept  
  122  8:09  Adept x2  
  128  8:13  Phoenix  
  128  8:14  Pylon  
  128  8:15  Gateway  
  128  8:16  Phoenix  
  128  8:18  Gateway  
  128  8:19  Gateway  
  130  8:22  Adept x2  
  130  8:23  Pylon, Adept x2  
  130  8:24  Protoss Ground Weapons Level 1  
  140  8:50  Adept x2  
  140  8:51  Adept x4  
  128  9:12  Adept  
  128  9:13  Adept x6  
  125  9:24  Phoenix  
  111  9:26  Adept x3  
  111  9:27  Phoenix  
  111  9:30  Probe (Chrono Boost)  
  122  9:33  Adept  
  122  9:34  Adept x2  
  122  9:36  Nexus  
  122  9:37  Pylon  
  122  9:38  Pylon  
  128  9:47  Stalker  
  128  9:48  Stalker x6  
  143  9:53  Probe (Chrono Boost)  
  143  9:59  Fleet Beacon  
  143  10:05  Zealot x3  
  149  10:21  Photon Cannon  
  149  10:22  Photon Cannon  
  149  10:24  Photon Cannon  
  149  10:28  Photon Cannon  
  149  10:29  Blink  
  149  10:31  Assimilator  
  149  10:32  Stalker x2  
  149  10:33  Stalker x2  
  149  10:35  Assimilator  
  157  10:37  Carrier, Probe x2 (Chrono Boost)  
  157  10:38  Probe (Chrono Boost)  
  168  10:51  Mothership Core (Chrono Boost)  
  168  10:56  Carrier  
  172  11:20  Adept x3  
  172  11:21  Adept  
  172  11:24  Probe (Chrono Boost)  
  180  11:26  Probe x2 (Chrono Boost)  
  180  11:33  Robotics Facility  
  148  11:53  Adept x2  
  148  11:54  Protoss Air Weapons Level 2, Adept x4  
  132  11:59  Carrier  
  138  12:02  Stargate  
  144  12:11  Mothership Core (Chrono Boost), Carrier  
  126  12:18  Adept x5  
  136  12:23  Adept  
  136  12:26  Adept  
  136  12:28  Adept  
  136  12:31  Adept  
  136  12:36  Adept  
  114  12:41  Adept  
  114  12:42  Adept  
  114  12:43  Adept  
  100  12:45  Probe (Chrono Boost)  
  100  12:47  Probe (Chrono Boost)  
  102  12:53  Photon Cannon  
  102  12:59  Carrier  
  102  13:03  Adept  
  110  13:12  Adept x3  
  116  13:15  Carrier  
  112  13:21  Probe (Chrono Boost)  
  112  13:23  Probe (Chrono Boost)  
  120  13:30  Observer  
  121  13:39  Carrier, Photon Cannon  
  127  14:00  Templar Archives  
  127  14:03  Pylon  
  127  14:11  Photon Cannon  
  127  14:13  Photon Cannon  
  127  14:26  Photon Cannon  
  133  14:34  Adept x4  
  133  14:35  Adept x3  
  144  14:42  Probe (Chrono Boost)  
  144  14:44  Probe (Chrono Boost)  
  144  14:45  Probe (Chrono Boost)  
  144  14:52  Fleet Beacon  
  144  15:00  High Templar x2  
  144  15:01  High Templar  
  144  15:03  High Templar  
  152  15:10  Archon  
  152  15:11  Archon  
Tags
 
Add a new tag
Caveats
  • Supply blocks, unpowered buildings, or Contaminate may cause inaccurate times.
  • Supply counts are checked every 10 seconds.